[Event "CZE-ch Youth G10-G12-G14 2022"]
[Site "Luhacovice"]
[Date "2022.03.16"]
[Round "6.19"]
[White "Lukaskova Ellen"]
[Black "Kubatova Ema"]
[Result "1-0"]
[ECO "B22"]
[WhiteElo "1058"]
[BlackElo "1183"]
[Annotator "NA"]
[PlyCount "101"]
[EventDate "2022.03.12"]
[EventType "swiss"]
[EventCountry "CZE"]
[SourceTitle "playchess.com"]
[Source "ChessBase"]
[SourceQuality "1"]
[TimeControl "40/5400+30:1800+30"]

1. e4 c5 2. c3 d5 3. exd5 Qxd5 4. Qf3 Qxf3 5. Nxf3 a6 6. d4 cxd4 7. cxd4 e6 8. Nc3 Nf6 9. g3 Be7 10. Bg2 Nc6 11. O-O O-O 12. Bg5 h6 13. Bxf6 Bxf6 14. Rad1 Rd8 15. d5 exd5 16. Nxd5 Be6 17. Nxf6+ gxf6 18. Rxd8+ Rxd8 19. a3 Kg7 20. Rc1 a5 21. Nh4 Rc8 22. Rd1 Rd8 23. Rxd8 Nxd8 24. Kf1 Kf8 25. Ke2 Ke7 26. Ke3 b6 27. b4 axb4 28. axb4 Bd7 29. Be4 Kf8 30. Nf5 h5 31. Nd4 Ne6 32. Nxe6+ fxe6 33. Bg6 Be8 34. Bxe8 Kxe8 35. Ke4 Ke7 36. f3 Kf7 37. h4 Ke7 38. g4 hxg4 39. fxg4 Kf7 40. g5 f5+ 41. Ke5 Kg6 42. b5 Kf7 43. h5 Kg7 44. g6 Kf8 45. h6 Kg8 46. Kf6 f4 47. h7+ Kh8 48. Kf7 f3 49. g7+ Kxh7 50. g8=Q+ Kh6 51. Qg6# 1-0

[Event "CZE-ch Youth G10-G12-G14 2022"]
[Site "Luhacovice"]
[Date "2022.03.16"]
[Round "6.20"]
[White "Stehlikova, Vanessa"]
[Black "Krisicova Neli"]
[Result "1-0"]
[ECO "C45"]
[WhiteElo "1039"]
[BlackElo "1093"]
[Annotator "NA"]
[PlyCount "106"]
[EventDate "2022.03.12"]
[EventType "swiss"]
[EventCountry "CZE"]
[SourceTitle "playchess.com"]
[Source "ChessBase"]
[SourceQuality "1"]
[TimeControl "40/5400+30:1800+30"]

1. e4 e5 2. Nf3 Nc6 3. d4 exd4 4. Nxd4 Bc5 5. Be3 Qf6 6. c3 Nge7 7. Qf3 Qg6 8. Nd2 Ne5 9. Qf4 Bd6 10. Qg5 f6 11. Qxg6+ N7xg6 12. O-O-O Bc5 13. h3 d6 14. Bb5+ Bd7 15. Bxd7+ Nxd7 16. N2b3 Bb6 17. f3 Nge5 18. Kb1 a5 19. Nc1 O-O 20. Bf2 a4 21. a3 Nc4 22. Nd3 Nc5 23. Nxc5 Bxc5 24. Rhf1 Rfe8 25. Nb5 Rac8 26. Nd4 c6 27. Nc2 Bxf2 28. Rxf2 Rcd8 29. Ka2 d5 30. exd5 cxd5 31. b3 axb3+ 32. Kxb3 Kf7 33. Nb4 Ke6 34. Re2+ Ne5 35. f4 Kd6 36. fxe5+ fxe5 37. Rxd5+ Ke6 38. Rdxe5+ Kf7 39. Rf2+ Kg6 40. Rxe8 Rxe8 41. g4 Re3 42. h4 Re4 43. h5+ Kh6 44. Rf7 b5 45. Rf5 Rxg4 46. Rxb5 g6 47. hxg6 hxg6 48. Nd5 Rg5 49. a4 Rg1 50. Nf4 g5 51. Ne2 Ra1 52. c4 g4 53. c5 Rd1 1-0

[Event "CZE-ch Youth G10-G12-G14 2022"]
[Site "Luhacovice"]
[Date "2022.03.16"]
[Round "6.21"]
[White "Vaclavkova Klara"]
[Black "Pruskova, Justyna"]
[Result "1-0"]
[ECO "D06"]
[WhiteElo "1000"]
[BlackElo "1003"]
[Annotator "NA"]
[PlyCount "104"]
[EventDate "2022.03.12"]
[EventType "swiss"]
[EventCountry "CZE"]
[SourceTitle "playchess.com"]
[Source "ChessBase"]
[SourceQuality "1"]
[TimeControl "40/5400+30:1800+30"]

1. d4 d5 2. c4 Nf6 3. Nf3 Nc6 4. Bf4 Bf5 5. Nc3 e6 6. e3 Bb4 7. Be2 O-O 8. O-O Bxc3 9. bxc3 Ne4 10. Rc1 Na5 11. c5 Bg4 12. Bd3 Nc4 13. h3 Nb2 14. Qe2 Nxd3 15. Qxd3 Bxf3 16. gxf3 Nf6 17. Kh2 Nh5 18. Be5 f6 19. Bg3 f5 20. f4 Nxg3 21. fxg3 Rf6 22. Rg1 Rh6 23. Rg2 Qe7 24. Rcg1 Rf8 25. g4 Qh4 26. Rg3 fxg4 27. Qf1 Rff6 28. Rxg4 Qh5 29. Rxg7+ Kf8 30. R7g5 Qf7 31. Rg7 Qh5 32. Rg8+ Ke7 33. R1g7+ Rf7 34. Rg4 Qf5 35. Qb5 Qc2+ 36. Rg2 Qxc3 37. Qe8+ Kf6 38. Rf8 Kf5 39. Qxf7+ Ke4 40. f5 Qxe3 41. Rg3 Qf2+ 42. Rg2 Qe3 43. Rg4+ Kd3 44. Rg3 Qxg3+ 45. Kxg3 Kxd4 46. Qxc7 e5 47. Qxb7 e4 48. c6 e3 49. Re8 Kd3 50. c7 e2 51. c8=Q Kd2 52. Qxd5+ Ke1 1-0

[Event "CZE-ch Youth G10-G12-G14 2022"]
[Site "Luhacovice"]
[Date "2022.03.16"]
[Round "6.22"]
[White "Kubatova Beta"]
[Black "Bouchalova, Kveta"]
[Result "0-1"]
[ECO "C47"]
[WhiteElo "1071"]
[BlackElo "1303"]
[Annotator "NA"]
[PlyCount "95"]
[EventDate "2022.03.12"]
[EventType "swiss"]
[EventCountry "CZE"]
[SourceTitle "playchess.com"]
[Source "ChessBase"]
[SourceQuality "1"]
[TimeControl "40/5400+30:1800+30"]

1. e4 e5 2. Nf3 Nc6 3. d4 exd4 4. Nxd4 Nf6 5. Nxc6 Bb4+ 6. Nc3 bxc6 7. Bd3 d5 8. exd5 O-O 9. O-O Bg4 10. Qd2 cxd5 11. a3 Ba5 12. b4 Bb6 13. Bb2 c6 14. Rfe1 Bc7 15. Ne2 Nh5 16. Ng3 Nxg3 17. hxg3 f6 18. Rac1 Qd6 19. c4 Be6 20. c5 Qd7 21. Qc2 h6 22. Rcd1 a6 23. Bd4 Bg4 24. Be2 Bxe2 25. Rxe2 Rfb8 26. Rb1 a5 27. Qd3 Rb7 28. Reb2 axb4 29. axb4 Rab8 30. Qd2 Be5 31. Bc3 d4 32. Bxd4 Bxd4 33. Rb3 Be5 34. Qe2 Qd4 35. Qe1 Qc4 36. Qd2 Kf7 37. Kh2 Qh4+ 38. Kg1 Qg4 39. Qe1 Bd4 40. Qc1 Qe2 41. Qf1 Qxf1+ 42. Kxf1 Bxc5 43. Rc3 Bxb4 44. Rxc6 Be7 45. Rcc1 Kg6 46. f4 Bd6 47. g4 h5 48. g3 0-1

[Event "CZE-ch Youth G10-G12-G14 2022"]
[Site "Luhacovice"]
[Date "2022.03.16"]
[Round "6.23"]
[White "Nova Anezka"]
[Black "Mojzisova Barbora"]
[Result "1-0"]
[ECO "C44"]
[WhiteElo "1111"]
[BlackElo "1089"]
[Annotator "NA"]
[PlyCount "79"]
[EventDate "2022.03.12"]
[EventType "swiss"]
[EventCountry "CZE"]
[SourceTitle "playchess.com"]
[Source "ChessBase"]
[SourceQuality "1"]
[TimeControl "40/5400+30:1800+30"]

1. e4 e5 2. Nf3 Nc6 3. d4 exd4 4. Bc4 Bc5 5. c3 dxc3 6. Bxf7+ Kxf7 7. Qd5+ Ke8 8. Qh5+ g6 9. Qxc5 Qe7 10. Qxe7+ Ngxe7 11. bxc3 d6 12. O-O Bg4 13. Nbd2 h6 14. h3 Be6 15. Nd4 Nxd4 16. cxd4 d5 17. Re1 Kd7 18. Bb2 Rae8 19. Nf3 Nc6 20. Rad1 dxe4 21. d5 exf3 22. dxe6+ Kc8 23. Bxh8 Rxh8 24. gxf3 Rd8 25. f4 h5 26. Kg2 Ne7 27. Rc1 c6 28. Rc5 b6 29. Rg5 Rd6 30. f5 gxf5 31. Rxh5 Kd8 32. Rh8+ Kc7 33. Re8 Nd5 34. e7 Nf4+ 35. Kh2 Rh6 36. Kg3 Nh5+ 37. Kf3 Nf6 38. Rf8 Rxh3+ 39. Kg2 Rh6 40. Rxf6 1-0

[Event "CZE-ch Youth G10-G12-G14 2022"]
[Site "Luhacovice"]
[Date "2022.03.16"]
[Round "6.24"]
[White "Havelkova Kamila"]
[Black "Rezacova Julie"]
[Result "0-1"]
[ECO "C56"]
[WhiteElo "1092"]
[BlackElo "1063"]
[Annotator "NA"]
[PlyCount "63"]
[EventDate "2022.03.12"]
[EventType "swiss"]
[EventCountry "CZE"]
[SourceTitle "playchess.com"]
[Source "ChessBase"]
[SourceQuality "1"]
[TimeControl "40/5400+30:1800+30"]

1. e4 e5 2. Nf3 Nc6 3. Bc4 Nf6 4. d4 d6 5. Bg5 Be7 6. Nc3 O-O 7. O-O Bg4 8. Be2 h6 9. Bh4 Bxf3 10. Bxf3 Nxd4 11. Re1 Qd7 12. Nd5 Nxd5 13. Bg4 Qd8 14. c3 Bxh4 15. exd5 Qf6 16. g3 Nf5 17. Bxf5 Qxf5 18. gxh4 c6 19. dxc6 bxc6 20. Qxd6 Rad8 21. Qxc6 Rd2 22. Rf1 Qg4+ 23. Kh1 Qxh4 24. c4 a6 25. c5 Rd3 26. Kg2 Qh3+ 27. Kh1 Rf3 28. Qb7 Qg4 29. c6 e4 30. Rac1 Rh3 31. c7 Qf4 32. Kg2 0-1

[Event "CZE-ch Youth G10-G12-G14 2022"]
[Site "Luhacovice"]
[Date "2022.03.16"]
[Round "6.25"]
[White "Kavanova Valentyna"]
[Black "Archlebova Eva"]
[Result "1/2-1/2"]
[ECO "D06"]
[WhiteElo "1000"]
[BlackElo "1040"]
[Annotator "NA"]
[PlyCount "71"]
[EventDate "2022.03.12"]
[EventType "swiss"]
[EventCountry "CZE"]
[SourceTitle "playchess.com"]
[Source "ChessBase"]
[SourceQuality "1"]
[TimeControl "40/5400+30:1800+30"]

1. d4 d5 2. c4 Nf6 3. Nc3 Bf5 4. Nf3 e6 5. e3 Bb4 6. Bd2 Nc6 7. a3 Ba5 8. b4 Bb6 9. c5 Bxc5 10. bxc5 O-O 11. Be2 Re8 12. O-O e5 13. Na2 Qe7 14. Re1 Ne4 15. Nb4 Rad8 16. Nxc6 bxc6 17. Bb4 Ng5 18. Qa4 Be4 19. Nxe5 Qf6 20. Nxc6 Qg6 21. g3 Bc2 22. Qb5 Qf6 23. Nxd8 Nh3+ 24. Kg2 Qxf2+ 25. Kxh3 Bf5+ 26. Bg4 Bxg4+ 27. Kxg4 Re4+ 28. Kh3 h5 29. Qb8 Kh7 30. Rf1 Qxe3 31. Nxf7 Rh4+ 32. Kxh4 Qe2 33. Qh8+ Kg6 34. Ne5+ Qxe5 35. dxe5 c6 36. e6 1/2-1/2

[Event "CZE-ch Youth G10-G12-G14 2022"]
[Site "Luhacovice"]
[Date "2022.03.16"]
[Round "6.26"]
[White "Maresova Denisa"]
[Black "Archlebova Iva"]
[Result "0-1"]
[ECO "A29"]
[WhiteElo "1103"]
[BlackElo "1028"]
[Annotator "NA"]
[PlyCount "62"]
[EventDate "2022.03.12"]
[EventType "swiss"]
[EventCountry "CZE"]
[SourceTitle "playchess.com"]
[Source "ChessBase"]
[SourceQuality "1"]
[TimeControl "40/5400+30:1800+30"]

1. c4 e5 2. Nc3 Nf6 3. g3 Bc5 4. Bg2 O-O 5. d3 Nc6 6. Nf3 d6 7. O-O Bf5 8. a3 h6 9. Rb1 Qd7 10. b4 Bd4 11. Nxd4 exd4 12. Nd5 Nxd5 13. Bxd5 Bh3 14. Re1 Qf5 15. b5 Ne7 16. Bxb7 Rab8 17. Bh1 c6 18. Bf4 Qc5 19. Qa4 Ng6 20. Bd2 Rfe8 21. Bf3 Re5 22. Bxc6 Rf5 23. Bd7 Rh5 24. Bxh3 Rxh3 25. Qb4 Qb6 26. Qa5 Qc5 27. e3 Ne5 28. Kg2 Rh5 29. Bb4 Qc8 30. h3 Qxh3+ 31. Kg1 Nf3# 0-1

[Event "CZE-ch Youth G10-G12-G14 2022"]
[Site "Luhacovice"]
[Date "2022.03.16"]
[Round "6.27"]
[White "Martinkovicova Nela"]
[Black "Souralova, Alena"]
[Result "0-1"]
[ECO "C29"]
[WhiteElo "1032"]
[BlackElo "1010"]
[Annotator "NA"]
[PlyCount "124"]
[EventDate "2022.03.12"]
[EventType "swiss"]
[EventCountry "CZE"]
[SourceTitle "playchess.com"]
[Source "ChessBase"]
[SourceQuality "1"]
[TimeControl "40/5400+30:1800+30"]

1. e4 e5 2. Nc3 Nf6 3. f4 d5 4. d4 exf4 5. e5 Ne4 6. Nf3 Bb4 7. Bd2 Bg4 8. Be2 Bxf3 9. Bxf3 Qh4+ 10. g3 fxg3 11. hxg3 Qxg3+ 12. Ke2 Qf2+ 13. Kd3 Nc6 14. Qf1 Qxd4+ 15. Ke2 Ng3+ 16. Kd1 Nxf1 17. Rxf1 O-O-O 18. Re1 Bxc3 19. bxc3 Rhe8 20. cxd4 Nxd4 21. Bg4+ Kb8 22. Bc3 Nc6 23. e6 fxe6 24. Bxe6 d4 25. Bd2 d3 26. c3 Rd6 27. Bf7 Rxe1+ 28. Kxe1 Rf6 29. Bc4 Ne5 30. Bb3 h5 31. Bg5 Rf5 32. Bh4 Nf3+ 33. Kd1 Nxh4 34. Kd2 c6 35. Kxd3 Kc7 36. Be6 Re5 37. Bf7 Kd6 38. Rf1 Rf5 39. Rxf5 Nxf5 40. Bxh5 Ke5 41. c4 Kf4 42. Ke2 Ng3+ 43. Kf2 Nxh5 44. a4 b6 45. Kg2 Nf6 46. Kf2 g5 47. Kg2 Ne4 48. Kg1 c5 49. Kg2 Nd2 50. a5 Nxc4 51. a6 Ne3+ 52. Kg1 c4 53. Kf2 c3 54. Ke2 c2 55. Kd2 g4 56. Kc1 g3 57. Kb2 g2 58. Kc3 c1=Q+ 59. Kb3 Qc4+ 60. Kb2 Nd1+ 61. Ka3 Qb5 62. Ka2 Qb2# 0-1

[Event "CZE-ch Youth G10-G12-G14 2022"]
[Site "Luhacovice"]
[Date "2022.03.16"]
[Round "6.28"]
[White "Spetlova Stella"]
[Black "Zezulova Sara"]
[Result "1/2-1/2"]
[ECO "C45"]
[WhiteElo "1000"]
[BlackElo "1000"]
[Annotator "NA"]
[PlyCount "58"]
[EventDate "2022.03.12"]
[EventType "swiss"]
[EventCountry "CZE"]
[SourceTitle "playchess.com"]
[Source "ChessBase"]
[SourceQuality "1"]
[TimeControl "40/5400+30:1800+30"]

1. e4 e5 2. Nf3 Nc6 3. d4 exd4 4. Nxd4 Qh4 5. Nc3 Bb4 6. Qd3 Nf6 7. Nxc6 dxc6 8. Bd2 O-O 9. Qg3 Qxg3 10. hxg3 Re8 11. f3 Be6 12. O-O-O Rad8 13. Bd3 Bxc3 14. Bxc3 h6 15. e5 Nd5 16. Bd2 f5 17. exf6 Nxf6 18. Rde1 Bxa2 19. b3 Rxe1+ 20. Rxe1 Re8 21. Rxe8+ Nxe8 22. Kb2 Bxb3 23. cxb3 Nf6 24. Bc4+ Kf8 25. g4 b6 26. Ba6 Ke8 27. Bf4 Nd5 28. Bd2 c5 29. Bc4 c6 1/2-1/2

[Event "CZE-ch Youth G10-G12-G14 2022"]
[Site "Luhacovice"]
[Date "2022.03.16"]
[Round "6.29"]
[White "Rybackova, Lucie"]
[Black "Mikesova, Lenka"]
[Result "1-0"]
[ECO "A20"]
[WhiteElo "1612"]
[BlackElo "1364"]
[Annotator "NA"]
[PlyCount "73"]
[EventDate "2022.03.12"]
[EventType "swiss"]
[EventCountry "CZE"]
[SourceTitle "playchess.com"]
[Source "ChessBase"]
[SourceQuality "1"]
[TimeControl "40/5400+30:1800+30"]

1. c4 e5 2. g3 Bc5 3. Bg2 d6 4. e3 Nf6 5. Ne2 O-O 6. O-O c6 7. d4 exd4 8. exd4 Bb6 9. Nbc3 Bf5 10. b4 Nbd7 11. Bb2 Re8 12. Nf4 h6 13. Qd2 Ne4 14. Nxe4 Bxe4 15. d5 Bxg2 16. Kxg2 Nf6 17. Qc3 Re4 18. Qd3 Rxf4 19. gxf4 Nh5 20. Kh1 Qh4 21. Qf3 Nxf4 22. Qg3 Qxg3 23. fxg3 Nd3 24. Bc3 cxd5 25. cxd5 Rc8 26. Be1 Rc2 27. Rd1 Nf2+ 28. Bxf2 Bxf2 29. a4 Kh7 30. Rc1 Rd2 31. Rc7 b5 32. Rxf7 Bd4 33. axb5 Kg6 34. Rd7 Be3 35. Rxd6+ Kg5 36. Re6 Re2 37. Re4 1-0

[Event "CZE-ch Youth G10-G12-G14 2022"]
[Site "Luhacovice"]
[Date "2022.03.16"]
[Round "6.30"]
[White "Dobsa, Emma"]
[Black "Sikorova, Jana"]
[Result "1-0"]
[ECO "B42"]
[WhiteElo "1425"]
[BlackElo "1427"]
[Annotator "NA"]
[PlyCount "59"]
[EventDate "2022.03.12"]
[EventType "swiss"]
[EventCountry "CZE"]
[SourceTitle "playchess.com"]
[Source "ChessBase"]
[SourceQuality "1"]
[TimeControl "40/5400+30:1800+30"]

1. e4 c5 2. Nf3 e6 3. d4 cxd4 4. Nxd4 a6 5. c4 Nf6 6. Nc3 Qc7 7. Be3 b6 8. Bd3 Bb7 9. O-O d6 10. Rc1 Be7 11. f4 Nbd7 12. b4 O-O 13. g4 d5 14. cxd5 exd5 15. g5 Ne8 16. Nxd5 Qd8 17. Nc6 Bxc6 18. Rxc6 Nd6 19. e5 Nb5 20. Qg4 Re8 21. Rf3 g6 22. Rh3 Nf8 23. Bc4 Na3 24. Bb3 Nb5 25. Qh4 Rc8 26. Rxg6+ fxg6 27. Nf6+ Kg7 28. Qh6+ Kh8 29. Qxh7+ Nxh7 30. Rxh7# 1-0

[Event "CZE-ch Youth G10-G12-G14 2022"]
[Site "Luhacovice"]
[Date "2022.03.16"]
[Round "6.31"]
[White "Hetfleischova, Elen"]
[Black "Barteckova, Denisa"]
[Result "0-1"]
[ECO "C01"]
[WhiteElo "1363"]
[BlackElo "1323"]
[Annotator "NA"]
[PlyCount "60"]
[EventDate "2022.03.12"]
[EventType "swiss"]
[EventCountry "CZE"]
[SourceTitle "playchess.com"]
[Source "ChessBase"]
[SourceQuality "1"]
[TimeControl "40/5400+30:1800+30"]

1. e4 e6 2. d4 d5 3. exd5 exd5 4. Nc3 Nf6 5. Nf3 Be7 6. Bd3 Nbd7 7. Bf4 c6 8. O-O O-O 9. Qd2 Nh5 10. Bg5 Bxg5 11. Nxg5 Ndf6 12. h3 g6 13. Rae1 Ng7 14. Qf4 Ne6 15. Nxe6 Bxe6 16. Re3 Nh5 17. Qh6 Qb6 18. g4 Ng7 19. f4 f5 20. Rxe6 Qxd4+ 21. Kh1 Nxe6 22. gxf5 Qg7 23. Qxg7+ Nxg7 24. fxg6 hxg6 25. Bxg6 Rf6 26. f5 Raf8 27. Rg1 Kh8 28. Rg5 Nxf5 29. Bxf5 Rxf5 30. Rg1 Rf1 0-1

[Event "CZE-ch Youth G10-G12-G14 2022"]
[Site "Luhacovice"]
[Date "2022.03.16"]
[Round "6.33"]
[White "Janouskova, Adela"]
[Black "Cinkova, Vicky"]
[Result "1-0"]
[ECO "B00"]
[WhiteElo "1585"]
[BlackElo "1317"]
[Annotator "NA"]
[PlyCount "53"]
[EventDate "2022.03.12"]
[EventType "swiss"]
[EventCountry "CZE"]
[SourceTitle "playchess.com"]
[Source "ChessBase"]
[SourceQuality "1"]
[TimeControl "40/5400+30:1800+30"]

1. e4 b6 2. d4 Bb7 3. Nc3 e6 4. Nf3 Bb4 5. Bd3 Nf6 6. Qe2 d5 7. e5 Ne4 8. Bd2 c5 9. Nxe4 dxe4 10. Bxe4 Bxe4 11. Qxe4 Bxd2+ 12. Nxd2 Qd5 13. dxc5 bxc5 14. c4 Qxe4+ 15. Nxe4 Nd7 16. f4 O-O 17. O-O-O Rfd8 18. b3 f6 19. exf6 Nxf6 20. Nxc5 Re8 21. Rhe1 Ng4 22. h3 Nh6 23. Nxe6 Nf5 24. g4 Nh6 25. f5 Kh8 26. Rd7 a5 27. Red1 1-0

[Event "CZE-ch Youth G10-G12-G14 2022"]
[Site "Luhacovice"]
[Date "2022.03.16"]
[Round "6.34"]
[White "Stavova, Marketa"]
[Black "Brezikova, Beata"]
[Result "1/2-1/2"]
[ECO "C40"]
[WhiteElo "1146"]
[BlackElo "1266"]
[Annotator "NA"]
[PlyCount "75"]
[EventDate "2022.03.12"]
[EventType "swiss"]
[EventCountry "CZE"]
[SourceTitle "playchess.com"]
[Source "ChessBase"]
[SourceQuality "1"]
[TimeControl "40/5400+30:1800+30"]

1. e4 e5 2. Nf3 f5 3. Nc3 fxe4 4. Nxe4 Nf6 5. d3 d5 6. Ng3 Nc6 7. Be2 Be7 8. O-O O-O 9. c3 Qe8 10. Nd2 Bd6 11. Nb3 d4 12. cxd4 Nxd4 13. Nxd4 exd4 14. Bf3 Rb8 15. Ne4 Qd7 16. Bg5 Nxe4 17. Bxe4 Qg4 18. Qxg4 Bxg4 19. Rac1 Be6 20. b3 c6 21. Bh4 Rbc8 22. f3 Rf7 23. Bf2 c5 24. Rfe1 Re8 25. Bd5 Rfe7 26. Bh4 Bxd5 27. Bxe7 Rxe7 28. Rxe7 Bxe7 29. Re1 Kf7 30. Kf2 Bd6 31. h4 h6 32. g4 g6 33. Re2 Bf4 34. Rc2 b6 35. Rb2 a5 36. a4 Bd6 37. Kg2 Kg7 38. Kf2 1/2-1/2

[Event "CZE-ch Youth G10-G12-G14 2022"]
[Site "Luhacovice"]
[Date "2022.03.16"]
[Round "6.35"]
[White "Reznickova, Sibyla"]
[Black "Archlebova, Stela"]
[Result "0-1"]
[ECO "D02"]
[WhiteElo "1304"]
[BlackElo "1121"]
[Annotator "NA"]
[PlyCount "62"]
[EventDate "2022.03.12"]
[EventType "swiss"]
[EventCountry "CZE"]
[SourceTitle "playchess.com"]
[Source "ChessBase"]
[SourceQuality "1"]
[TimeControl "40/5400+30:1800+30"]

1. d4 d5 2. c4 c6 3. Nc3 Nf6 4. Bf4 Bf5 5. Nf3 e6 6. e3 Bb4 7. Be2 Ne4 8. Qb3 Qb6 9. Rc1 Bxc3+ 10. bxc3 Qxb3 11. axb3 Nd7 12. Ng5 Nxg5 13. Bxg5 f6 14. Bh4 O-O 15. g4 Bg6 16. Bg3 a5 17. h4 a4 18. b4 a3 19. Kd2 a2 20. Ra1 Ra3 21. b5 Rfa8 22. Bd1 Nb6 23. bxc6 Nxc4+ 24. Ke2 bxc6 25. h5 Bb1 26. f3 Rxc3 27. Kf2 Nxe3 28. Be2 Rb3 29. Rc1 Nc2 30. Bd1 Nxa1 31. Bxb3 Nxb3 0-1

[Event "CZE-ch Youth G10-G12-G14 2022"]
[Site "Luhacovice"]
[Date "2022.03.16"]
[Round "6.36"]
[White "Filipova, Vanesa"]
[Black "Dominikova, Denisa"]
[Result "0-1"]
[ECO "D01"]
[WhiteElo "1146"]
[BlackElo "1254"]
[Annotator "NA"]
[PlyCount "89"]
[EventDate "2022.03.12"]
[EventType "swiss"]
[EventCountry "CZE"]
[SourceTitle "playchess.com"]
[Source "ChessBase"]
[SourceQuality "1"]
[TimeControl "40/5400+30:1800+30"]

1. d4 Nf6 2. Nc3 e6 3. Bg5 d5 4. e3 Be7 5. Bd3 b6 6. Bxf6 Bxf6 7. Nf3 Bb7 8. e4 dxe4 9. Nxe4 O-O 10. O-O Bxd4 11. Neg5 g6 12. c3 Bg7 13. Re1 Na6 14. Ne4 Qe7 15. Qe2 Nc5 16. Nxc5 Qxc5 17. Rac1 Rad8 18. b4 Qd5 19. Red1 Qc6 20. Bb5 Rxd1+ 21. Rxd1 Qxc3 22. Rb1 Bxf3 23. Qxf3 Qc2 24. Rd1 Qxa2 25. h4 Qb2 26. Qe4 c5 27. Rb1 Qd4 28. Qxd4 Bxd4 29. Kf1 Rc8 30. Rc1 Kf8 31. Ke2 Ke7 32. Kd3 Bxf2 33. Rc4 Kd6 34. Ba6 Rc7 35. Ke2 Bd4 36. Kd3 Kd5 37. Rc2 e5 38. Bc4+ Kd6 39. b5 f5 40. g3 e4+ 41. Ke2 Ke5 42. Kf1 f4 43. gxf4+ Kxf4 44. Rh2 h6 45. h5 0-1

[Event "CZE-ch Youth G10-G12-G14 2022"]
[Site "Luhacovice"]
[Date "2022.03.16"]
[Round "6.37"]
[White "Vacekova Anita"]
[Black "Dorazilova, Kristyna"]
[Result "0-1"]
[ECO "C41"]
[WhiteElo "1000"]
[BlackElo "1240"]
[Annotator "NA"]
[PlyCount "68"]
[EventDate "2022.03.12"]
[EventType "swiss"]
[EventCountry "CZE"]
[SourceTitle "playchess.com"]
[Source "ChessBase"]
[SourceQuality "1"]
[TimeControl "40/5400+30:1800+30"]

1. e4 d6 2. d4 Nf6 3. Nc3 Nbd7 4. Nf3 e5 5. Bc4 h6 6. Be3 Be7 7. h3 c6 8. a4 a5 9. O-O Qc7 10. dxe5 dxe5 11. Nd2 g5 12. Re1 Rg8 13. Nf1 Nf8 14. Ng3 Ng6 15. Nf5 Bxf5 16. exf5 Nf4 17. Bxf4 gxf4 18. Qe2 Bd6 19. Ne4 Nxe4 20. Qxe4 O-O-O 21. f6 Rg6 22. Qf5+ Kb8 23. Rad1 Rg5 24. Qh7 Rg6 25. Qxf7 Qxf7 26. Bxf7 Rxf6 27. Bc4 Kc7 28. Rd3 Rd7 29. Red1 Rg7 30. g3 e4 31. Rc3 fxg3 32. fxg3 Bxg3 33. Kh1 Rf2 34. Rxg3 Rxg3 0-1

[Event "CZE-ch Youth G10-G12-G14 2022"]
[Site "Luhacovice"]
[Date "2022.03.16"]
[Round "6.38"]
[White "Lackova, Ludmila"]
[Black "Kavanova, Anezka"]
[Result "0-1"]
[ECO "D13"]
[WhiteElo "1167"]
[BlackElo "1089"]
[Annotator "NA"]
[PlyCount "74"]
[EventDate "2022.03.12"]
[EventType "swiss"]
[EventCountry "CZE"]
[SourceTitle "playchess.com"]
[Source "ChessBase"]
[SourceQuality "1"]
[TimeControl "40/5400+30:1800+30"]

1. d4 d5 2. c4 c6 3. Nc3 Nf6 4. cxd5 cxd5 5. Nf3 Nc6 6. Bf4 e6 7. e3 Be7 8. Bb5 Bd7 9. O-O O-O 10. Qc2 a6 11. Ba4 b5 12. Bb3 Nh5 13. Ne2 Rc8 14. Qd1 Nxf4 15. Nxf4 Bd6 16. Nd3 Re8 17. a3 f6 18. Re1 e5 19. Bxd5+ Kh8 20. dxe5 fxe5 21. e4 Bg4 22. Re3 Rf8 23. Nde1 Nd4 24. Rb1 Bc5 25. Rd3 Qf6 26. Qd2 Bxf3 27. Nxf3 Nxf3+ 28. Rxf3 Qh4 29. Rxf8+ Rxf8 30. Rf1 Rf6 31. Qc2 Bf8 32. Qc8 Qf4 33. Qh3 Qd2 34. Qb3 Rxf2 35. Qd1 Rxg2+ 36. Kh1 Rxh2+ 37. Kg1 Qg2# 0-1

[Event "CZE-ch Youth G10-G12-G14 2022"]
[Site "Luhacovice"]
[Date "2022.03.16"]
[Round "6.39"]
[White "Foldynova Julie"]
[Black "Veverkova, Dorota"]
[Result "1/2-1/2"]
[ECO "D01"]
[WhiteElo "1000"]
[BlackElo "1320"]
[Annotator "NA"]
[PlyCount "102"]
[EventDate "2022.03.12"]
[EventType "swiss"]
[EventCountry "CZE"]
[SourceTitle "playchess.com"]
[Source "ChessBase"]
[SourceQuality "1"]
[TimeControl "40/5400+30:1800+30"]

1. d4 Nf6 2. Nc3 d5 3. Bg5 Nbd7 4. e3 g6 5. Bd3 Bg7 6. Nf3 O-O 7. O-O b6 8. e4 Bb7 9. Re1 c5 10. Nxd5 Bxd5 11. exd5 h6 12. Bh4 g5 13. Bg3 Nxd5 14. c3 e6 15. Ne5 Ne7 16. Be4 Nd5 17. c4 Nxe5 18. dxe5 Ne7 19. Bxa8 Qxa8 20. f4 gxf4 21. Bxf4 Ng6 22. Bg3 Rd8 23. Qc2 Qb7 24. Rad1 Rxd1 25. Qxd1 Qe7 26. Qd6 Qg5 27. Qb8+ Kh7 28. Qxa7 h5 29. Qxf7 h4 30. Qxe6 hxg3 31. Qh3+ Kg8 32. Qxg3 Qxg3 33. hxg3 Bxe5 34. b3 Bxg3 35. Re4 Kf7 36. Re3 Bc7 37. Rf3+ Kg7 38. Rd3 Ne5 39. Rd5 Kg6 40. a3 Nc6 41. Rd7 Bb8 42. g3 Nd4 43. b4 Nc2 44. bxc5 Nxa3 45. cxb6 Nxc4 46. Rb7 Bxg3 47. Kg2 Be5 48. Re7 Kf6 49. Rxe5 Nxe5 50. Kf2 Ke6 51. b7 Nc6 1/2-1/2

[Event "CZE-ch Youth G10-G12-G14 2022"]
[Site "Luhacovice"]
[Date "2022.03.16"]
[Round "6.40"]
[White "Lipovska Viktorie"]
[Black "Koval, Anna"]
[Result "1/2-1/2"]
[ECO "C50"]
[WhiteElo "1189"]
[BlackElo "1278"]
[Annotator "NA"]
[PlyCount "88"]
[EventDate "2022.03.12"]
[EventType "swiss"]
[EventCountry "CZE"]
[SourceTitle "playchess.com"]
[Source "ChessBase"]
[SourceQuality "1"]
[TimeControl "40/5400+30:1800+30"]

1. e4 e5 2. Nf3 Nc6 3. Bc4 Bc5 4. d3 d6 5. Nc3 Bg4 6. Be3 Bb6 7. h3 Bh5 8. Qe2 Nf6 9. O-O-O Qd7 10. Rhe1 O-O-O 11. Bg5 Nd4 12. Qd2 Bxf3 13. gxf3 Nxf3 14. Qe2 Nxe1 15. Rxe1 h6 16. Bh4 Rhf8 17. Nd5 Qxh3 18. Bxf6 gxf6 19. Nxf6 Qh4 20. Qf3 Bxf2 21. Rf1 Bc5 22. Qf5+ Kb8 23. Nd7+ Rxd7 24. Qxd7 Be3+ 25. Kb1 f6 26. a3 Bg5 27. Qe6 h5 28. Qd5 Qh3 29. d4 a6 30. dxe5 dxe5 31. Bd3 h4 32. Qb3 Bf4 33. Qb4 Rf7 34. Bxa6 c6 35. Bc4 Qg2 36. Rxf4 exf4 37. Bxf7 h3 38. Qd6+ Ka7 39. Qd4+ Ka8 40. Qd8+ Ka7 41. Qa5+ Kb8 42. Qd8+ Ka7 43. Qa5+ Kb8 44. Qd8+ Ka7 1/2-1/2

[Event "CZE-ch Youth G10-G12-G14 2022"]
[Site "Luhacovice"]
[Date "2022.03.16"]
[Round "6.41"]
[White "Svrchokrylova, Ludmila"]
[Black "Kaplanova, Dominika"]
[Result "0-1"]
[ECO "B18"]
[WhiteElo "1024"]
[BlackElo "1269"]
[Annotator "NA"]
[PlyCount "80"]
[EventDate "2022.03.12"]
[EventType "swiss"]
[EventCountry "CZE"]
[SourceTitle "playchess.com"]
[Source "ChessBase"]
[SourceQuality "1"]
[TimeControl "40/5400+30:1800+30"]

1. e4 c6 2. d4 d5 3. Nc3 dxe4 4. Nxe4 Bf5 5. Ng3 Bg6 6. Nf3 e6 7. Bc4 c5 8. Be3 cxd4 9. Bxd4 Nc6 10. Qd2 a6 11. O-O Nxd4 12. Nxd4 Bc5 13. Nf3 Qxd2 14. Nxd2 Nf6 15. Nb3 Bb6 16. c3 O-O 17. Rad1 Rfd8 18. Rfe1 Ng4 19. Rxd8+ Rxd8 20. Rf1 Nxf2 21. Rxf2 Rd1+ 22. Nf1 Bxf2+ 23. Kxf2 Rb1 24. Kg1 b5 25. Be2 Rxb2 26. Bf3 Rxa2 27. Nc1 Rc2 28. Ne2 Bd3 29. Kf2 Bxe2 30. Bxe2 Rxc3 31. Nd2 Kf8 32. Ne4 Ra3 33. Ng5 g6 34. Nxh7+ Ke7 35. Ng5 b4 36. Ne4 b3 37. Nc3 a5 38. Bc4 a4 39. Ke3 b2 40. Kd2 Rxc3 0-1